 Dungeon Crawl Stone Soup version 0.23-a0-639-ga9a3373 (console) character file.

52 Duffy the Firebug (level 3, 0/24 HPs)
             Began as a Demonspawn Fire Elementalist on Dec 29, 2018.
             Slain by a crimson imp (2 damage)
             ... on level 5 of the Dungeon.
             The game lasted 00:02:16 (1756 turns).

Duffy the Firebug (Demonspawn Fire Elementalist)    Turns: 1756, Time: 00:02:17

Health: 0/24       AC:  2    Str:  8    XL:     3   Next: 60%
Magic:  0/6        EV: 14    Int: 17    God:
Gold:   50         SH:  0    Dex: 13    Spells: 5/6 levels left

rFire    . . .     SeeInvis .   d - +0 whip
rCold    . . .     Gourm    .   (no shield)
rNeg     . . .     Faith    .   a - +0 robe
rPois    .         Spirit   .   (no helmet)
rElec    .         Reflect  .   (no cloak)
rCorr    .         Harm     .   (no gloves)
MR       .....                  (no boots)
Stlth    ++........             l - amulet of regeneration
HPRegen  0.08/turn              (no ring)
MPRegen  0.10/turn              (no ring)

@: no status effects
A: hooves 1, repulsion field 1
a: no special abilities


You were on level 5 of the Dungeon.
You were hungry.

You visited 1 branch of the dungeon, and saw 5 of its levels.

You collected 50 gold pieces.

Inventory:

Hand Weapons
 d - a +0 whip (weapon)
 j - a +0 blowgun
Armour
 a - a +0 robe (worn)
Jewellery
 b - an uncursed amulet of rage
 l - an amulet of regeneration (around neck)
Scrolls
 e - 5 scrolls of amnesia {unknown}
 f - 3 scrolls of identify {unknown}
 h - 2 scrolls of immolation
 i - a scroll of remove curse {unknown}
 m - a scroll of teleportation {unknown}
Potions
 g - 2 potions of curing {unknown}
Comestibles
 c - 2 rations
 k - 2 chunks of flesh


   Skills:
 - Level 1.7 Dodging
 - Level 1.7 Stealth
 + Level 2.3 Spellcasting
 + Level 2.9 Conjurations
 + Level 3.0 Fire Magic


You had 5 spell levels left.
You knew the following spells:

 Your Spells              Type           Power        Failure   Level  Hunger
h - Flame Tongue          Conj/Fire      ##...        5%          1    #......

Your spell library contained the following spells:

 Spells                   Type           Power        Failure   Level  Hunger
 Throw Flame              Conj/Fire      ##....       9%          2    ##.....
 Conjure Flame            Conj/Fire      ##......     17%         3    ###....
 Inner Flame              Hex/Fire       #.......     30%         3    ###....
 Sticky Flame             Conj/Fire      ##......     50%         4    #####..
 Fireball                 Conj/Fire      ##........   83%         5    ######.


Dungeon Overview and Level Annotations

Branches:
Dungeon (5/15)
 Temple: D:4-7

Altars:

Annotations:
D:4 Blork the orc; Pikel; SaintRoka's ghost, amateur NaBe


Innate Abilities, Weirdness & Mutations

You have large cloven feet.
You are surrounded by a mild repulsion field. (EV +2)


Message History

The hound closely misses you. The hound bites you.
* * * LOW HITPOINT WARNING * * *
Casting: Flame Tongue (safe; 7% risk of failure)
Confirm with . or Enter, or press ? or * to list all spells.
Aiming: Flame Tongue (safe; 7% risk of failure)
Press: ? - help, Shift-Dir - straight line, f/p - hound
Aim: a hound (severely wounded)
The flame tongue hits the hound.
You kill the hound!
Your Fire Magic skill increases to level 3!
You have reached level 3!
Your experience leads to an increase in your attributes!
Increase (S)trength, (I)ntelligence, or (D)exterity?
You feel clever.
Your demonic ancestry asserts itself...
You begin to radiate repulsive energy.
The crimson imp barely misses you. The crimson imp barely misses you.
You see here a hound corpse.
You butcher the hound corpse.
The crimson imp hits you.
You die...

#########+##
#.....+....#
#.....#....#
#.....#....#
###...##..#
##...##..####+#####+
#...........5.......
#...........@.......
#........##...##....
##...########## .
#%..##..##...#
#............#
#.......##...#
#.......##...## ..#
+.............+ ..#
#...######....# ...#


You could see a crimson imp.

Vanquished Creatures
  A hound (D:5)
  2 dart slugs
  An orc (D:3)
  3 hobgoblins
  3 jackals (D:2)
  2 quokkas
  A ball python (D:5)
  2 bats
  2 frilled lizards
  A kobold (D:3)
  2 rats
20 creatures vanquished.

Notes
Turn   | Place    | Note
-------+----------+-------------------------------------------
     0 | D:1      | Duffy the Demonspawn Fire Elementalist began the quest for
                  | the Orb.
     0 | D:1      | Reached XP level 1. HP: 13/13 MP: 3/3
   570 | D:2      | Gained mutation: You have large cloven feet. [demonic
                  | ancestry]
   570 | D:2      | Reached XP level 2. HP: 18/19 MP: 0/5
  1551 | D:4      | Found a runed door.
  1558 | D:4      | Noticed SaintRoka's ghost (amateur NaBe)
  1695 | D:4      | Noticed Pikel
  1695 | D:4      | Noticed a slave
  1695 | D:4      | Noticed a slave
  1695 | D:4      | Noticed a slave
  1697 | D:4      | Noticed Blork the orc
  1700 | D:5      | Entered Level 5 of the Dungeon
  1700 | D:5      | Noticed a crimson imp
  1754 | D:5      | Reached skill level 3 in Fire Magic
  1754 | D:5      | Gained mutation: You are surrounded by a mild repulsion
                  | field. (EV +2) [demonic ancestry]
  1754 | D:5      | Reached XP level 3. HP: 2/24 MP: 0/6
  1756 | D:5      | Slain by a crimson imp

Vault maps used:
D:1:      minmay_arrival_semitransparent
D:3:      kennysheep_path_1, guppyfry_early_orc_mine
D:4:      first_ration, ebering_ghost_inner_flame, uniq_blork_the_orc,
          uniq_pikel
D:5:      serial_shops, shop

Skill      XL: |  1  2 |
---------------+-------+-----
Conjurations   | 2 |  2.9
Fire Magic     | 3 |  3.0
Dodging        | |  1.7
Stealth        | |  1.7
Spellcasting   | |  2.3

Action                   || total
-------------------------++-------
Melee: Unarmed           ||    18
       Whip              ||     1
       Kick              ||     1
 Cast: Flame Tongue      ||    31
  Eat: Chunk             ||     2
Armor: Robe              ||     3
Dodge: Dodged            ||    54

Table legend:
 A = Non-vault XP
 B = Vault XP
 C = Vault XP percentage of total XP
 D = Non-vault monster count
 E = Vault monster count
 F = Vault count percentage of total count
                 A         B        C        D         E       F
            +---------+---------+-------+---------+---------+-------
      Total |      73 |       2 |   2.7 |      19 |       1 |   5.0
            +---------+---------+-------+---------+---------+-------
        D:1 |       5 |       0 |   0.0 |       2 |       0 |   0.0
        D:2 |      16 |       0 |   0.0 |       8 |       0 |   0.0
        D:3 |      11 |       0 |   0.0 |       7 |       0 |   0.0
        D:5 |      41 |       2 |   4.7 |       2 |       1 |  33.3
            +---------+---------+-------+---------+---------+-------
